 Dungeon Crawl Stone Soup version 0.29.1-12-g30fa7ad0bf (webtiles) character file.

Game seed: 12601700529689952295

1615 ThatPearl the Chiller (level 8, -2/51 HPs)
             Began as a Gargoyle Ice Elementalist on Jan 3, 2023.
             Blown up by a centaur (19 damage)
             ... with a mindburst bolt
             ... on level 5 of the Dungeon.
             The game lasted 00:19:31 (5395 turns).

ThatPearl the Chiller (Gargoyle Ice Elementalist)   Turns: 5395, Time: 00:19:32

Health: -2/51      AC: 10    Str: 10    XL:     8   Next: 96%
Magic:  16/16      EV: 13    Int: 22    God:
Gold:   209        SH:  0    Dex: 10    Spells: 6/17 levels left

rFire   . . .      SeeInvis .   b - +6 flail "Zyibbez" {flame, rC+ Str-2 Int+4}
rCold   + . .      Faith    .   (no shield)
rNeg    + . .      Spirit   .   c - +0 robe
rPois   ∞          Reflect  .   F - +0 helmet
rElec   +          Harm     .   n - +0 cloak
rCorr   .          Rampage  .   j - +0 pair of gloves
Will    .....                   (no boots)
Stlth   ++........              (no amulet)
HPRegen 0.17/turn               A - ring of flight
MPRegen 0.15/turn               (no ring)

@: flying
A: sickness immunity, AC +5, negative energy resistance 1, electricity
resistance, torment resistance 1, petrification resistance
a: no special abilities


You were on level 5 of the Dungeon.
You visited 1 branch of the dungeon, and saw 5 of its levels.
You also visited: Sewer.

You collected 209 gold pieces.

Inventory:

Hand Weapons
 a - a +0 sling
 b - the +6 flail "Zyibbez" (weapon) {flame, rC+ Str-2 Int+4}
   (You found it on level 3 of the Dungeon)

   It burns those it strikes, dealing additional fire damage.
   Str:       It affects your strength (-2).
   Int:       It affects your intelligence (+4).
   rC:        It protects you from cold.
 h - a +0 dagger
 i - a +0 hand axe
 m - a +0 short sword
 x - a +1 whip of electrocution
Missiles
 f - 67 stones
 k - 31 poisoned darts
 u - 4 curare-tipped darts
 C - 5 atropa-tipped darts
Armour
 c - a +0 robe (worn)
 j - a +0 pair of gloves (worn)
 n - a +0 cloak (worn)
 F - a +0 helmet (worn)
Jewellery
 A - a ring of flight (left hand)
 E - a ring of positive energy
Scrolls
 o - 8 scrolls of identify {unknown}
 p - a scroll of acquirement {unknown}
 q - a scroll of summoning {unknown}
 s - a scroll of vulnerability {unknown}
 t - 2 scrolls of magic mapping {unknown}
 v - 2 scrolls of enchant armour {unknown}
 y - a scroll of fear {unknown}
 z - a scroll of poison {unknown}
 D - a scroll of amnesia {unknown}
Potions
 d - a potion of flight {unknown}
 e - a potion of lignification {unknown}
 g - 3 potions of curing {unknown}
 l - a potion of magic
 r - 3 potions of heal wounds {unknown}
 w - 2 potions of haste {unknown}
 B - a potion of berserk rage {unknown}


   Skills:
 + Level 5.7 Fighting
 + Level 4.7 Dodging
 - Level 2.1 Stealth
 + Level 5.4 Spellcasting
 + Level 6.8 Ice Magic


You had 6 spell levels left.
You knew the following spells:

 Your Spells              Type           Power      Damage    Failure   Level
a - Ozocubu's Armour      Ice            35%        N/A       1%          3
b - Freeze                Ice            100%       1d11      1%          1
f - Frozen Ramparts       Ice            70%        1d11      1%          3
h - Hailstorm             Conj/Ice       20%        3d6       24%         4

Your spell library contained the following spells:

 Spells                   Type           Power      Damage    Failure   Level
 Apportation              Tloc           10%        N/A       10%         1
 Petrify                  Tmut/Erth      5%         N/A       67%         4
 Alistair's Intoxication  Tmut/Pois      3%         N/A       95%         5
 Irradiate                Conj/Tmut      2%         3d12      95%         5
 Sublimation of Blood     Necr           Unusable   N/A       N/A         2

Dungeon Overview and Level Annotations

Branches:
Dungeon (5/15)              Sewer (visited)
 Temple: D:4-7

Altars:


Innate Abilities, Weirdness & Mutations

You are immune to sickness and miasma.
Your stone body is resilient. (AC +5)
You are immune to poison.
You resist negative energy. (rN+)
You are resistant to electric shocks. (rElec)
You are resistant to unholy torment.
You are immune to petrification.


Message History

The orc hits you with a +0 dagger.
The iguana hisses angrily.
You thump the necrophage! You burn the necrophage.
You destroy the necrophage!
The orc barely misses you.
Casting: Freeze (safe; 1% risk of failure)
Confirm with . or Enter, or press ? or * to list all spells.
Casting: Frozen Ramparts (safe; 1% risk of failure)
Press: ? - help, Dir - look around, f - activate The walls around you are covered in ice.
The wall freezes the orc!
You kill the orc!
The wall freezes the ogre.
The ogre closely misses you.
The wall freezes the dart slug.
You sock the ogre! You burn the ogre.
The ogre is almost dead.
The wall freezes the iguana.
The iguana seems to slow down.
The wall freezes the ogre.
You kill the ogre!
The wall freezes the iguana!
The iguana seems to slow down.
You closely miss the iguana.
The iguana is almost dead.
The wall freezes the dart slug!
You kill the dart slug!
The wall freezes the iguana.
You kill the iguana!
The frozen ramparts melt away.
Magic restored.
A centaur comes into view.
It is wielding a +0 short sword and carrying a wand of mindburst (14).
The centaur moves out of view.
A centaur is nearby!
The centaur shouts!
You hit the centaur. You burn the centaur.
The centaur is moderately wounded.
The centaur zaps a wand.
Your mind is blasted!
The centaur zaps a wand.
Your mind is blasted!
You barely miss the centaur.
The centaur is moderately wounded.
The centaur zaps a wand.
Your mind is blasted!
You die...

#########.###############
#.......................#
#............##########.### ###
#...........######## #...# ...
#.........###......######.#
...###....######...####.[.####.#
...#.......###..†###..###...##.#
.....##..###...c##).....##....##
....#...###....#@.)# ##....#
....#.##......##..#...# ##....#
...#.....#....#..## ..≈# #....#
...#.#####?...#8.# #..# #....#
†....# #....#..# .≈# #....#
.....#####....#..# .# #....#
#.......##.. #8.# # #....#
###..##..# #..# ........##


You could see a centaur.

Vanquished Creatures
  2 ogres
  A centaur (D:5)
  2 phantoms (D:5)
  8 kobold brigands (Sewer)
  A necrophage (D:5)
  A scorpion (D:4)
  A howler monkey (D:5)
  3 hounds
  A jelly (D:4)
  An orc priest (D:4)
  2 iguanas
  14 adders
  3 gnolls (D:3)
  A river rat (Sewer)
  A white imp (D:5)
  7 worms
  7 dart slugs
  5 orcs
  4 ball pythons
  4 bats
  9 endoplasms
  5 giant cockroaches
  10 goblins
  9 hobgoblins
  9 jackals
  3 quokkas
  3 frilled lizards
  10 kobolds
  14 rats
141 creatures vanquished.

Vanquished Creatures (others)
  3 fungi (D:1)
  5 plants (D:1)
8 creatures vanquished.

Grand Total: 149 creatures vanquished

Notes
Turn   | Place    | Note
-------+----------+-------------------------------------------
     0 | D:1      | ThatPearl the Gargoyle Ice Elementalist began the quest for
                  | the Orb.
     0 | D:1      | Reached XP level 1. HP: 10/10 MP: 3/3
   120 | D:1      | Reached XP level 2. HP: 16/16 MP: 3/5
   463 | D:1      | Reached skill level 1 in Fighting
   694 | D:1      | Found a faded altar of an unknown god.
   723 | D:1      | Reached XP level 3. HP: 20/20 MP: 6/6
  1122 | D:2      | Reached XP level 4. HP: 21/26 MP: 1/7
  1674 | D:2      | Learned a level 3 spell: Ozocubu's Armour
  1678 | D:2      | Learned a level 3 spell: Frozen Ramparts
  1915 | D:3      | Identified the +6 flail "Zyibbez" {flame, rC+ Str-2 Int+4}
  1942 | D:3      | Found a glowing drain.
  1987 | Sewer    | Entered a sewer
  2063 | Sewer    | Noticed a kobold brigand
  2087 | Sewer    | Killed a kobold brigand
  2088 | Sewer    | Reached XP level 5. HP: 23/31 MP: 1/9
  2326 | Sewer    | Noticed a kobold brigand
  2337 | Sewer    | Killed a kobold brigand
  2338 | Sewer    | Reached skill level 5 in Ice Magic
  2338 | Sewer    | Reached XP level 6. HP: 36/36 MP: 6/10
  2777 | Sewer    | Reached XP level 7. HP: 25/42 MP: 12/12
  4636 | D:4      | Reached skill level 6 in Ice Magic
  4636 | D:4      | Reached XP level 8. HP: 43/48 MP: 14/14
  4722 | D:4      | Learned a level 4 spell: Hailstorm
  5132 | D:5      | Entered Level 5 of the Dungeon
  5186 | D:5      | Reached skill level 5 in Fighting
  5201 | D:5      | Reached skill level 5 in Spellcasting
  5395 | D:5      | Blown up by a centaur

Illustrated notes

Levels and vault maps discovered:
D:1:      dpeg_arrival_shrine, layout_loops_ring,
          dreamdust_ecumenical_altar_hidden_monk_grotto, st_stairs_13
D:2:      layout_loops_ring, due_unseen_surprise
D:3:      layout_rooms, gup_sewer_entry_glass
D:4:      layout_loops_ring
D:5:      layout_rooms, minmay_temple_entry_large_hall, nzn_random_ring

Skill      XL: |  1  2  3  4  5  6  7  8 |
---------------+-------------------------+-----
Fighting       | 1 2 3 4 5 |  5.7
Dodging        | 2 3 4 |  4.7
Spellcasting   | 3 4 5 |  5.4
Ice Magic      | 5 6 |  6.8
Stealth        | |  2.1

Action                   |  1- 3 |  4- 6 |  7- 9 || total
-------------------------+-------+-------+-------++-------
Melee: Unarmed           |    17 |       |       ||    17
       Club              |     4 |       |       ||     4
       Dagger            |     5 |       |       ||     5
       Flail             |       |    52 |   195 ||   247
       Punch             |       |       |     2 ||     2
 Fire: Sling             |    44 |    41 |       ||    85
Throw: Dart              |       |     3 |       ||     3
 Cast: Freeze            |    35 |    28 |     3 ||    66
       Ozocubu's Armour  |       |     1 |     1 ||     2
       Frozen Ramparts   |       |     1 |     2 ||     3
  Use: Scroll            |       |     1 |       ||     1
 Stab: Sleeping          |       |       |     4 ||     4
       Distracted        |       |       |     1 ||     1
Armor: Robe              |    22 |    31 |    80 ||   133
Dodge: Dodged            |    50 |    54 |   156 ||   260
